cohdb
Replays
Latest Replays
All Replays
Popular Replays
Top Player Replays
Match Explorer
How It Works
Community
CoH3 Stats
Reddit
Sign in to upload your games and track your stats! →
Sign in with Steam
Match 41727899
Unlisted
Match 41727899
Overview
Messages
Build Orders
End
Scout Squad
Selects Heavy Weapons
Construct Weapon Support Center
Engineer Squad
M1919 Machine Gun Team
M1919 Machine Gun Team
Air Support Center
M3 Armored Personnel Carrier
Selects Assault Carriers
P-47 Dive Bomb
Construct Medical Station
Bazooka Squad
P-47 Strafing Run
Selects Halftrack Strongpoints
Kitsuné
Dumais
SKT
就是瞎掰
0
0
Comments
sign in to comment!
No comments posted yet!